 Dungeon Crawl Stone Soup version 0.23-a0-171-g5ae17c6 (webtiles) character file.

86 pmoppi the Magician (level 4, -6/30 HPs)
             Began as a Mummy Fire Elementalist on Sept 13, 2018.
             Killed from afar by Terence (16 damage)
             ... with a wand of flame (31)
             ... on level 3 of the Dungeon.
             The game lasted 00:05:46 (3091 turns).

pmoppi the Magician (Mummy Fire Elementalist)       Turns: 3091, Time: 00:05:46

Health: -6/30      AC:  3    Str: 11    XL:     4   Next: 26%
Magic:  6/9        EV: 12    Int: 15    God:
Gold:   100        SH:  0    Dex: 12    Spells: 4/10 levels left

rFire    x . .     SeeInvis .   c - -2 whip (curse)
rCold    + . .     Gourm    .   (no shield)
rNeg     + + +     Faith    .   a - +0 robe
rPois    ∞         Spirit   .   (no helmet)
rElec    .         Reflect  .   (no cloak)
rCorr    .         Harm     .   (no gloves)
MR       .....                  b - +0 pair of boots
Stlth    ++........             (no amulet)
HPRegen  0.10/turn              (no ring)
MPRegen  0.11/turn              (no ring)

@: no status effects
A: no food or potions, fire vulnerability, cold resistance 1, negative energy
resistance 3, torment resistance, unbreathing
a: no special abilities


You were on level 3 of the Dungeon.
You were not hungry.

You visited 1 branch of the dungeon, and saw 3 of its levels.

You collected 100 gold pieces.

Inventory:

Hand Weapons
 c - a cursed -2 whip (weapon)
Armour
 a - a +0 robe (worn)
 b - a +0 pair of boots (worn)
Jewellery
 h - an uncursed ring of protection from fire {unknown}
 j - an uncursed ring of positive energy {unknown}
Scrolls
 d - a scroll of teleportation {unknown}
 e - a scroll of fog {unknown}
 f - 2 scrolls of identify {unknown}
 g - a scroll of immolation {unknown}
 i - a scroll of amnesia {unknown}


   Skills:
 - Level 1.5 Dodging
 - Level 1.5 Stealth
 + Level 3.5 Spellcasting
 * Level 2.1 Conjurations
 * Level 3.2 Fire Magic


You had 4 spell levels left.
You knew the following spells:

 Your Spells              Type           Power        Failure   Level  Hunger
a - Flame Tongue          Conj/Fire      ##...        6%          1    N/A
b - Throw Flame           Conj/Fire      ##....       10%         2    N/A
c - Conjure Flame         Conj/Fire      ##......     19%         3    N/A

Your spell library contained the following spells:

 Spells                   Type           Power        Failure   Level  Hunger
 Inner Flame              Hex/Fire       #.......     28%         3    N/A
 Sticky Flame             Conj/Fire      ##......     52%         4    N/A
 Fireball                 Conj/Fire      ##........   86%         5    N/A

Dungeon Overview and Level Annotations

Branches:
Dungeon (3/15)

Altars:

Annotations:
D:3 Terence


Innate Abilities, Weirdness & Mutations

You do not eat or drink.
Your flesh is vulnerable to fire.
You are immune to poison.
Your flesh is cold resistant. (rC+)
You are immune to negative energy. (rN+++)
You are immune to unholy pain and torment.
You can survive without breathing.


Message History

Casting: Flame Tongue (safe; 6% risk of failure)
Confirm with . or Enter, or press ? or * to list all spells.
Aiming: Flame Tongue (safe; 6% risk of failure)
Press: ? - help, Shift-Dir - straight line, f - frilled lizard
Aim: a frilled lizard The flame tongue hits the frilled lizard.
You kill the frilled lizard!
Terence zaps a wand.
The puff of flame hits you! The fire burns you terribly!
Terence hits you with a short sword of protection.
* * * LOW HITPOINT WARNING * * *
You see here a chain mail.
You see here a club.
Casting: Flame Tongue (safe; 6% risk of failure)
Confirm with . or Enter, or press ? or * to list all spells.
Aiming: Conjure Flame (safe; 19% risk of failure)
Press: ? - help, Dir - move target cursor The fire ignites!
Terence zaps a wand.
The puff of flame hits you! The fire burns you terribly!
Ouch! That really hurt!
You die...

##. ... #.#####
#.....# #.#.#.##
#>.....#######.
#............@.
######<.....##...#
........@#.#....#
########)#.#..###
#§#.#..# ##@#.#.##
##......#
######.#....##
#............#
..#######.##.#
#..†...♣


You could see Terence.

Vanquished Creatures
  An adder (D:2)
  2 worms (D:2)
  5 dart slugs
  A leopard gecko (D:2)
  An orc (D:2)
  2 ball pythons
  7 giant cockroaches
  7 hobgoblins
  3 jackals (D:1)
  5 kobolds
  7 bats
  5 frilled lizards
  4 goblins
  7 rats
57 creatures vanquished.

Notes
Turn   | Place    | Note
-------+----------+-------------------------------------------
     0 | D:1      | pmoppi the Mummy Fire Elementalist began the quest for the
                  | Orb.
     0 | D:1      | Reached XP level 1. HP: 13/13 MP: 4/4
    79 | D:1      | Reached skill level 1 in Conjurations
   277 | D:1      | Reached XP level 2. HP: 19/19 MP: 2/5
   281 | D:1      | Learned a level 2 spell: Throw Flame
   685 | D:1      | Reached XP level 3. HP: 24/24 MP: 4/7
  1257 | D:1      | Learned a level 3 spell: Conjure Flame
  2075 | D:2      | Reached XP level 4. HP: 26/30 MP: 1/9
  3072 | D:3      | Noticed Terence
  3091 | D:3      | Killed from afar by Terence

Vault maps used:
D:1:      moated_graveyard_arrival
D:2:      first_ration
D:3:      old_standard_altar, kennysheep_ying_yang,
          chequers_temple_overflow_statue_of_worship,
          chequers_ecumenical_altar_twisty, uniq_terence

Skill      XL: |  1  2  3 |
---------------+----------+-----
Conjurations   | 1 2 |  2.1
Spellcasting   | 3 |  3.5
Fire Magic     | 3 |  3.2
Dodging        | |  1.5
Stealth        | |  1.5

Action                   |  1- 3 |  4- 6 || total
-------------------------+-------+-------++-------
Melee: Whip              |    19 |       ||    19
       Unarmed           |     1 |       ||     1
 Cast: Flame Tongue      |    79 |    23 ||   102
       Conjure Flame     |     4 |     3 ||     7
Armor: Robe              |    12 |     2 ||    14
Dodge: Dodged            |    36 |     3 ||    39

Table legend:
 A = Non-vault XP
 B = Vault XP
 C = Vault XP percentage of total XP
 D = Non-vault monster count
 E = Vault monster count
 F = Vault count percentage of total count
                 A         B        C        D         E       F
            +---------+---------+-------+---------+---------+-------
      Total |     123 |       0 |   0.0 |      57 |       0 |   0.0
            +---------+---------+-------+---------+---------+-------
        D:1 |      62 |       0 |   0.0 |      33 |       0 |   0.0
        D:2 |      58 |       0 |   0.0 |      22 |       0 |   0.0
        D:3 |       3 |       0 |   0.0 |       2 |       0 |   0.0
            +---------+---------+-------+---------+---------+-------
